 Dungeon Crawl Stone Soup version 0.30-a0-726-gd89dcf765f (webtiles) character file.

Game seed: 2834525529449500531

1207 hikkokomori the Shooter (level 8, -2/49 HPs)
             Began as a Deep Elf Wanderer on Jan 30, 2023.
             Slain by an orc warrior
             ... wielding a +0 flail
              (12 damage)
             ... on level 6 of the Dungeon.
             The game lasted 00:05:15 (5199 turns).

hikkokomori the Shooter (Deep Elf Wanderer)         Turns: 5199, Time: 00:05:16

Health: -2/49      AC:  3    Str:  8    XL:     8   Next: 21%
Magic:  10/10      EV: 12    Int: 16    God:
Gold:   367        SH:  0    Dex: 19    Spells: 7/7 levels left

rFire   . . .      SeeInvis .    a - +2 sling
rCold   . . .      Faith    .    (no shield)
rNeg    . . .      Spirit   .    f - +0 robe
rPois   +          Reflect  .    (no helmet)
rElec   .          Harm     .    (no cloak)
rCorr   .          Rampage  .    s - +0 pair of gloves
Will    .....                    (no boots)
Stlth   ++++                     (no amulet)
HPRegen 0.28/turn                u - ring of poison resistance
MPRegen 0.12/turn                r - +4 ring of slaying

@: no status effects
A: no striking features
a: no special abilities


You were on level 6 of the Dungeon.
You visited 1 branch of the dungeon, and saw 6 of its levels.

You collected 367 gold pieces.

Inventory:

Hand Weapons
 a - a +2 sling (weapon)
 d - a +0 dagger
 C - a +1 heavy scythe
Missiles
 c - 9 boomerangs (quivered)
Armour
 f - a +0 robe (worn)
 s - a +0 pair of gloves (worn)
Jewellery
 k - a ring of resist corrosion
 r - a +4 ring of slaying (right hand)
 u - a ring of poison resistance (left hand)
 I - a +6 ring of intelligence
 J - a ring of magical power
Wands
 A - a wand of light (9)
 H - a wand of flame (16)
Scrolls
 j - 2 scrolls of enchant weapon
 l - 2 scrolls of magic mapping
 m - 2 scrolls of teleportation
 n - 2 scrolls of noise {unknown}
 q - 2 scrolls of fog
 t - 6 scrolls of identify
 v - a scroll of vulnerability {unknown}
 y - a scroll of blinking {unknown}
 z - a scroll of immolation {unknown}
Potions
 b - 4 potions of lignification
 e - a potion of heal wounds
 g - a potion of haste
 h - a potion of berserk rage {unknown}
 i - a potion of might
 o - a potion of curing
 p - a potion of degeneration
 w - 2 potions of ambrosia {unknown}
 x - a potion of resistance {unknown}
 B - a potion of flight {unknown}
 D - 2 potions of brilliance {unknown}
 E - 2 potions of mutation {unknown}
 F - a potion of invisibility {unknown}
 G - a potion of attraction {unknown}


   Skills:
 + Level 5.0 Fighting
 + Level 7.9 Ranged Weapons
 - Level 3.0 Throwing
 - Level 1.0 Armour
 - Level 1.2 Dodging
 + Level 7.4 Stealth


You had 7 spell levels left.
You didn't know any spells.
Your spell library was empty.

Dungeon Overview and Level Annotations

Branches:
Dungeon (6/15)
 Temple: D:4-7

Altars:
Nemelex Xobeh
Qazlal
Ru
Sif Muna


Message History

The orc warrior is blinded.
The bolt of light hits the orc!
You kill the orc!
The bolt of light misses the orc.
The orc warrior closely misses you.
Your Fighting skill increases to level 5!
You shoot a sling bullet.
The sling bullet closely misses the orc warrior.
The sling bullet hits the orc.
The orc is moderately wounded.
The orc warrior barely misses you.
You shoot a sling bullet. The sling bullet hits the orc warrior!
The orc warrior is heavily wounded.
The orc warrior closely misses you.
You shoot a sling bullet.
The sling bullet closely misses the orc warrior.
The sling bullet closely misses the orc.
The orc warrior barely misses you.
You shoot a sling bullet.
The sling bullet hits the orc warrior but does no damage.
The orc warrior is heavily wounded.
The orc warrior shouts!
The orc warrior barely misses you.
You shoot a sling bullet. The sling bullet hits the orc warrior.
The orc warrior is severely wounded.
The orc warrior hits you with a +0 flail!
You shoot a sling bullet.
The sling bullet barely misses the orc warrior.
The sling bullet hits the orc!
You kill the orc!
The orc warrior hits you with a +0 flail!
* * * LOW HITPOINT WARNING * * *
You shoot a sling bullet.
The sling bullet completely misses the orc warrior.
The orc warrior barely misses you.
Aiming: Bolt of Light
Press: ? - help, Shift-Dir - straight line, f/p - orc warrior
Aim: an orc warrior, wielding a +0 flail and wearing a +0 plate armour (severely wounded, blind, 71% to hit)
The bolt of light hits the orc warrior.
The orc warrior is almost dead.
The orc warrior hits you with a +0 flail!
You die...

... #...............
#...##
####............
#...###
#............
#..o###
#.....#######
#...####.....#.....#
###...##.[...#.....#
#)#........#.....#
#o###.#....#.....'
#@# #.######.....#
#.# #.#...###'####
#.# #.#..........#
#.# #.#..........#
#.# #.#..........#
## #.#
#.#..######### .###
#.# #.####........
...### #.# #.#
#>....... ##...###
#.# #.# #........


You could see an orc warrior (blind).

Vanquished Creatures
  Sigmund (D:5)
  An ogre (D:5)
  3 phantoms
  5 scorpions
  2 vampire bats (D:3)
  3 hounds
  An orc priest (D:3)
  2 iguanas (D:5)
  6 gnolls
  5 adders
  A worm (D:5)
  9 orcs
  9 endoplasms
  A giant cockroach (D:2)
  6 goblins
  10 hobgoblins
  6 jackals
  2 quokkas
  6 ball pythons
  12 bats
  2 frilled lizards
  6 kobolds
  2 rats
101 creatures vanquished.

Notes
Turn   | Place    | Note
-------+----------+-------------------------------------------
     0 | D:1      | hikkokomori the Deep Elf Wanderer began the quest for the
                  | Orb.
     0 | D:1      | hikkokomori set off with the following items: a +2 sling, a
                  | potion of lignification, 9 boomerangs, a +0 dagger, a
                  | potion of heal wounds, a +0 robe.
     0 | D:1      | Reached XP level 1. HP: 12/12 MP: 3/3
   127 | D:1      | Reached XP level 2. HP: 12/17 MP: 4/4
   591 | D:1      | Reached XP level 3. HP: 21/21 MP: 5/5
   855 | D:2      | Found a faded altar of an unknown god.
  1990 | D:3      | Reached XP level 4. HP: 25/27 MP: 6/6
  2015 | D:3      | Reached XP level 5. HP: 31/32 MP: 7/7
  2165 | D:3      | Found a shimmering blue altar of Sif Muna.
  2281 | D:3      | Reached skill level 5 in Ranged Weapons
  2329 | D:3      | Found a sacrificial altar of Ru.
  2777 | D:4      | Identified the +8 spear "Lamneil" {heavy, rC- rN+ Str+4
                  | Dex+3}
  2808 | D:4      | Noticed a phantom
  2814 | D:4      | Killed a phantom
  2815 | D:4      | Reached XP level 6. HP: 30/37 MP: 8/8
  3136 | D:4      | Reached skill level 5 in Stealth
  3656 | D:4      | Found a stormy altar of Qazlal.
  3684 | D:5      | Entered Level 5 of the Dungeon
  3734 | D:5      | Found a sparkling altar of Nemelex Xobeh.
  3761 | D:5      | Reached XP level 7. HP: 28/43 MP: 9/9
  4198 | D:5      | Noticed Sigmund
  4201 | D:5      | Killed Sigmund
  4507 | D:5      | Reached XP level 8. HP: 48/48 MP: 10/10
  5192 | D:6      | Reached skill level 5 in Fighting
  5199 | D:6      | Slain by an orc warrior

Illustrated notes

Levels and vault maps discovered:
D:1:      heliophobic_arrival_glass_houses, layout_loops_cross,
          amcnicky_mini_pool_small
D:2:      layout_loops_ring, nicolae_ecumenical_pavilion, minmay_tall_x
D:3:      layout_basic, nicolae_overflow_squiral, roderic_batcave
D:4:      layout_loops_corners, mainiacjoe_overflow_alcove_1,
          minmay_stone_trees_small
D:5:      layout_loops_corners, nemelex_diamond_rough_becter, st_stairs_4,
          dk_vineyard_2, chequers_serial_rivers_micro_a,
          hangedman_decor_peaks_small, nicolae_kite_square_tiling_tiny,
          uniq_sigmund
D:6:      layout_gridville, temple_hall, nicolae_benzene_ring

Skill      XL: |  1  2  3  4  5  6  7  8 |
---------------+-------------------------+-----
Ranged Weapons | 3 4 5 6 7 |  7.9
Stealth        | 2 3 4 5 6 7 |  7.4
Fighting       | 2 3 4 5 |  5.0
Throwing       | |  3.0
Armour         | |  1.0
Dodging        | |  1.2

Action                     |  1- 3 |  4- 6 |  7- 9 || total
---------------------------+-------+-------+-------++-------
   Fire: Sling             |   118 |   105 |    82 ||   305
  Throw: Boomerang         |     3 |       |       ||     3
  Evoke: Wand              |       |       |     2 ||     2
    Use: Scroll            |       |     9 |       ||     9
         Potion            |       |     1 |       ||     1
 Armour: Robe              |    17 |    13 |     2 ||    32
  Dodge: Dodged            |    41 |    35 |    20 ||    96

Table legend: (Time is in decaauts)
 A = Elapsed time spent in this place.
 B = Non-inter-level travel time spent in this place.
 C = Inter-level travel time spent in this place.
 D = Time resting spent in this place.
 E = Time spent auto-exploring this place.
 F = Levels seen in this place.
 G = Mean time per level.
                   A        B        C        D        E       F      G
               +--------+--------+--------+--------+--------+-----+--------+
         Total |   5243 |   5102 |    141 |     36 |   4506 |   6 |  873.8 |
       Dungeon |   5243 |   5102 |    141 |     36 |   4506 |   6 |  873.8 |
               +--------+--------+--------+--------+--------+-----+--------+

Top non-repeatable levels by time:
     D:3: 1130 daAuts
     D:5: 1062 daAuts
     D:4: 1050 daAuts
     D:1: 869 daAuts
     D:2: 714 daAuts
     D:6: 416 daAuts
